Sharks vs BlueJackets

Created - Sunday, November 16, 2014 at 01:57

Goals
1 2 3 T
Sharks 1 2 0 3
BlueJackets 1 0 1 2
Shots
1 2 3 T
Sharks 5 12 8 25
BlueJackets 7 12 18 37

1st period

1. Sharks , Henrik Sedin 4 (Mike Green, Rich Peverley) at 14:56 (PP)
2. BlueJackets , Antoine Roussel 3 (Tobias Enstrom, David Desharnais) at 15:14

Penalties :
Justin Williams (Clb) for Tripping (Minor) at 4:22, Dion Phaneuf (SJ ) for Interference (Minor) at 7:11, Ryan Garbutt (Clb) for Holding (Minor) at 13:39, Brendan Smith (Clb) for Holding (Minor) at 19:51

2nd period

3. Sharks , Olli Jokinen 4 (Nicklas Grossmann, Chad Johnson) at 8:29 (PP)
4. Sharks , Olli Jokinen 5 (Matt Hendricks, Dion Phaneuf) at 10:31 (PP)

Penalties :
Andrew Ference (Clb) for Holding (Minor) at 3:05, Michael Raffl (Clb) for Holding (Minor) at 8:15, Michael Raffl (Clb) for Slashing (Minor) at 10:25

3rd period

5. BlueJackets , Brent Burns 7 (David Savard, Joni Ortio) at 17:04

Penalties :
Justin Williams (Clb) for Holding (Minor) at 14:08

Goalie Stats

Viktor Fasth (SJ ), 8 saves from 9 shots - (0.889), 17:05 minutes
Chad Johnson (SJ ), 27 saves from 28 shots - (0.964), W, 3-1-0, 42:55 minutes
Joni Ortio (Clb), 22 saves from 25 shots - (0.880), L, 0-11-0, 59:23 minutes

Players Stats for Sharks

Player Name              G  A  P  +/- PIM S  H  SB GA TA FO     MP     PP MP  PK MP  
------------------------------------------------------------------------------------
Adam Hall                0  0  0  -1  0   0  1  0  0  0  5/8    14:18   0:24   1:38 
Andrew Ebbett            0  0  0  -1  0   0  2  0  0  0  0/1     9:38   0:00   1:12 
Blake Comeau             0  0  0   0  0   0  1  0  0  0  3/5     6:33   0:00   0:00 
Brendan Mikkelson        0  0  0   0  0   0  0  1  0  0  0/0     4:07   0:00   0:00 
Brian Gionta             0  0  0  -2  0   0  1  0  3  0  0/1    13:29   0:30   0:00 
Deryk Engelland          0  0  0   0  0   2  2  0  0  0  0/0    21:28   4:34   1:14 
Dion Phaneuf             0  1  1   0  2   3  0  1  2  1  0/0    25:16   5:12   0:00 
Erik Gustafsson          0  0  0  -1  0   0  0  1  0  0  0/0    14:07   0:00   1:14 
Henrik Sedin             1  0  1   0  0   3  3  0  0  0  11/18  24:46   4:29   0:00 
Jay Harrison             0  0  0  -1  0   1  0  2  0  0  0/0    21:05   4:21   0:45 
Mark Fistric             0  0  0  -1  0   1  0  1  1  2  0/0    12:31   0:00   0:00 
Matt Hendricks           0  1  1   0  0   0  1  1  1  2  0/0    14:43   3:32   0:00 
Matt Read                0  0  0   0  0   1  0  1  1  1  0/0    19:52   4:59   0:26 
Mike Green               0  1  1  -1  0   3  1  3  0  2  0/0    21:05   4:21   0:45 
Nathan Gerbe             0  0  0  -2  0   2  0  0  0  0  0/0    13:11   0:38   0:00 
Nicklas Grossmann        0  1  1   0  0   1  3  3  0  0  0/0    20:39   5:12   0:00 
Olli Jokinen             2  0  2   0  0   6  1  0  4  0  15/21  20:44   4:34   0:21 
Rich Peverley            0  1  1   0  0   2  1  1  1  0  1/1    20:18   4:59   0:21 

Players Stats for BlueJackets

Player Name              G  A  P  +/- PIM S  H  SB GA TA FO     MP     PP MP  PK MP  
------------------------------------------------------------------------------------
Andrej Meszaros          0  0  0   0  0   0  1  1  0  1  0/0    17:42   0:00   5:22 
Andrew Ference           0  0  0   1  2   1  3  1  0  4  0/0    25:37   1:08   4:01 
Antoine Roussel          1  0  1   1  0   4  3  1  1  0  0/1    15:43   0:07   0:26 
Brendan Smith            0  0  0   0  2   0  0  0  0  0  0/0     5:18   0:00   0:00 
Brent Burns              1  0  1   1  0   4  1  0  2  1  2/10   23:59   1:08   5:28 
David Desharnais         0  1  1   1  0   2  0  0  1  0  5/8    15:40   0:51   0:00 
David Savard             0  1  1   1  0   1  0  0  0  0  0/0    14:27   0:00   0:00 
Derick Brassard          0  0  0   1  0   1  0  0  3  0  7/13   17:13   1:08   2:33 
Erik Cole                0  0  0   0  0   2  3  0  2  0  1/3    15:11   0:51   0:00 
Gabriel Bourque          0  0  0   1  0   3  2  0  1  0  0/1    13:54   0:00   0:00 
Justin Williams          0  0  0   1  4   2  1  0  0  0  0/2    16:29   1:08   1:33 
Kevin Klein              0  0  0   0  0   1  0  2  1  1  0/0    18:32   0:51   5:50 
Michael Raffl            0  0  0   0  4   1  2  0  0  0  4/11   14:32   0:00   0:17 
Ron Hainsey              0  0  0   1  0   1  3  1  0  1  0/0    21:10   0:51   3:43 
Ryan Garbutt             0  0  0   0  2   2  2  0  0  0  0/1     6:21   0:00   0:00 
Teddy Purcell            0  0  0   0  0   5  0  0  2  0  0/1    21:36   0:44   6:43 
Tobias Enstrom           0  1  1   1  0   5  1  1  0  0  0/0    18:07   1:08   0:10 
Vernon Fiddler           0  0  0   0  0   2  0  1  1  1  1/4     8:39   0:00   2:06 

3 Stars

1 - Olli Jokinen (SJ )
2 - Antoine Roussel (Clb)
3 - Henrik Sedin (SJ )

Power Play

Sharks - 3 on 7 Attempt(s) - 42.86%
BlueJackets - 0 on 1 Attempt(s) - 0.00%

Penalty Kill

Sharks - 1 on 1 Attempt(s) - 100.00% - Score 0 goal in Penalty Kill
BlueJackets - 4 on 7 Attempt(s) - 57.14% - Score 0 goal in Penalty Kill

Official

Referees : Unknown
Linesman : Unknown

Game Notes

Chad Johnson is injured at 2:55 of 3rd period (Bruised Right Shoulder)
Viktor Fasth enters game at 2:55 of 3rd period
Matt Hendricks is injured at 3:56 of 3rd period (Sore Left Knee)

Finance

Level 1 -- Attendance: 4609 (76.82%) -- Ticket Income $460,900
Level 2 -- Attendance: 3484 (69.68%) -- Ticket Income $209,040
Level 3 -- Attendance: 1347 (67.35%) -- Ticket Income $47,145
Level 4 -- Attendance: 3055 (76.38%) -- Ticket Income $61,100
Luxury Box -- Attendance: 696 (69.60%) -- Ticket Income $139,200
Game was played at the Nationwide Arena
Total Attendance: 13191 (73.28%)
Total Ticket Income: $917,385
Other Income: $449,519
Total Income: $1,366,904

Sharks

5 vs 5 Forward 
   Center                   Left Wing                Right Wing               Time % Phy DF OF 
 1 Henrik Sedin             Matt Read                Rich Peverley            35     1   2  2  
 2 Olli Jokinen             Matt Hendricks           Deryk Engelland          30     1   2  2  
 3 Adam Hall                Nathan Gerbe             Brian Gionta             22     1   2  2  
 4 Blake Comeau             Andrew Ebbett            Henrik Sedin             13     1   2  2  

5 vs 5 Defense 
   Defense                  Defense                                           Time % Phy DF OF 
 1 Dion Phaneuf             Nicklas Grossmann                                 35     1   2  2  
 2 Mike Green               Jay Harrison                                      30     1   2  2  
 3 Mark Fistric             Erik Gustafsson                                   22     1   2  2  
 4 Dion Phaneuf             Brendan Mikkelson                                 13     1   2  2  

PowerPlay Forward 
   Center                   Left Wing                Right Wing               Time % Phy DF OF 
 1 Henrik Sedin             Matt Read                Rich Peverley            60     1   2  2  
 2 Olli Jokinen             Matt Hendricks           Deryk Engelland          40     1   2  2  

PowerPlay Defense
   Defense                  Defense                                           Time % Phy DF OF 
 1 Dion Phaneuf             Nicklas Grossmann                                 60     1   2  2  
 2 Mike Green               Jay Harrison                                      40     1   2  2  

Penalty Kill 4 Players Forward 
   Center                   Wing                     Time % Phy DF OF 
 1 Henrik Sedin             Matt Read                60     1   2  2  
 2 Olli Jokinen             Rich Peverley            40     1   2  2  

Penalty Kill 4 Players Defense
   Defense                  Defense                  Time % Phy DF OF 
 1 Dion Phaneuf             Deryk Engelland          60     1   2  2  
 2 Mike Green               Jay Harrison             40     1   2  2  

Penalty Kill - 3 Players Forward 
   Forward                                           Time % Phy DF OF 
 1 Henrik Sedin                                      60     1   2  2  
 2 Matt Read                                         40     1   2  2  

Penalty Kill - 3 Players Defense
   Defense                  Defense                  Time % Phy DF OF 
 1 Dion Phaneuf             Mark Fistric             60     1   2  2  
 2 Mike Green               Jay Harrison             40     1   2  2  

4 vs 4 Forward 
   Center                   Wing                     Time % Phy DF OF 
 1 Henrik Sedin             Matt Read                60     1   2  2  
 2 Olli Jokinen             Rich Peverley            40     1   2  2  

4 vs 4 Defense
   Defense                  Defense                  Time % Phy DF OF 
 1 Dion Phaneuf             Deryk Engelland          60     1   2  2  
 2 Mike Green               Jay Harrison             40     1   2  2  

Last Minutes Offensive
   Center                   Left Wing                Right Wing               Defense                  Defense                  
   Henrik Sedin             Matt Read                Rich Peverley            Dion Phaneuf             Nicklas Grossmann        

Last Minutes Defensive
   Center                   Left Wing                Right Wing               Defense                  Defense                  
   Henrik Sedin             Matt Read                Rich Peverley            Dion Phaneuf             Nicklas Grossmann        

Goaltenders
Starting : Chad Johnson             
Backup : Viktor Fasth             

Extra Forwards
Normal : Brian Gionta, Nathan Gerbe, Adam Hall - PP : Brian Gionta, Nathan Gerbe - PK : Adam Hall
Extra Defensemen
Normal : Mark Fistric, Erik Gustafsson, Deryk Engelland - PP : Mark Fistric - PK : Erik Gustafsson, Deryk Engelland
Penalty Shots
Henrik Sedin, Matt Read, Olli Jokinen, Rich Peverley, Deryk Engelland

BlueJackets

5 vs 5 Forward 
   Center                   Left Wing                Right Wing               Time % Phy DF OF 
 1 Derick Brassard          Justin Williams          Brent Burns              35     1   2  2  
 2 Michael Raffl            Teddy Purcell            Erik Cole                30     1   2  2  
 3 David Desharnais         Gabriel Bourque          Antoine Roussel          22     1   2  2  
 4 Vernon Fiddler           Ryan Garbutt             Brent Burns              13     1   2  2  

5 vs 5 Defense 
   Defense                  Defense                                           Time % Phy DF OF 
 1 Tobias Enstrom           Andrew Ference                                    35     1   2  2  
 2 David Savard             Ron Hainsey                                       30     1   2  2  
 3 Kevin Klein              Andrej Meszaros                                   22     1   2  2  
 4 Brendan Smith            Andrew Ference                                    13     1   2  2  

PowerPlay Forward 
   Center                   Left Wing                Right Wing               Time % Phy DF OF 
 1 Derick Brassard          Justin Williams          Brent Burns              60     1   2  2  
 2 David Desharnais         Teddy Purcell            Erik Cole                40     1   2  2  

PowerPlay Defense
   Defense                  Defense                                           Time % Phy DF OF 
 1 Tobias Enstrom           Andrew Ference                                    60     1   2  2  
 2 Kevin Klein              Ron Hainsey                                       40     1   2  2  

Penalty Kill 4 Players Forward 
   Center                   Wing                     Time % Phy DF OF 
 1 Brent Burns              Teddy Purcell            60     1   2  2  
 2 Derick Brassard          Justin Williams          40     1   2  2  

Penalty Kill 4 Players Defense
   Defense                  Defense                  Time % Phy DF OF 
 1 Kevin Klein              Andrew Ference           60     1   2  2  
 2 Andrej Meszaros          Ron Hainsey              40     1   2  2  

Penalty Kill - 3 Players Forward 
   Forward                                           Time % Phy DF OF 
 1 Brent Burns                                       60     1   2  2  
 2 Derick Brassard                                   40     1   2  2  

Penalty Kill - 3 Players Defense
   Defense                  Defense                  Time % Phy DF OF 
 1 Tobias Enstrom           Andrew Ference           60     1   2  2  
 2 Kevin Klein              Ron Hainsey              40     1   2  2  

4 vs 4 Forward 
   Center                   Wing                     Time % Phy DF OF 
 1 Brent Burns              David Desharnais         60     1   2  2  
 2 Derick Brassard          Teddy Purcell            40     1   2  2  

4 vs 4 Defense
   Defense                  Defense                  Time % Phy DF OF 
 1 Andrej Meszaros          Andrew Ference           60     1   2  2  
 2 Tobias Enstrom           Ron Hainsey              40     1   2  2  

Last Minutes Offensive
   Center                   Left Wing                Right Wing               Defense                  Defense                  
   Derick Brassard          Justin Williams          Brent Burns              Tobias Enstrom           Andrew Ference           

Last Minutes Defensive
   Center                   Left Wing                Right Wing               Defense                  Defense                  
   Derick Brassard          Justin Williams          Brent Burns              Tobias Enstrom           Andrew Ference           

Goaltenders
Starting : Joni Ortio               
Backup : Matt Climie              

Extra Forwards
Normal : David Desharnais, Brent Burns, Vernon Fiddler - PP : David Desharnais, Brent Burns - PK : Vernon Fiddler
Extra Defensemen
Normal : Kevin Klein, Andrej Meszaros, Andrew Ference - PP : Kevin Klein - PK : Andrej Meszaros, Brent Burns
Penalty Shots
Brent Burns, Vernon Fiddler, Derick Brassard, Justin Williams, Teddy Purcell

% Time on Ice - Sharks

Lines # - Real PCT - Wanted PCT - Time Play
Normal Forward
1 - 29% - 35% - 13:43
2 - 33% - 30% - 15:50
3 - 24% - 22% - 11:37
4 - 14% - 13% - 6:33
Normal Defense
1 - 33% - 35% - 15:50
2 - 33% - 30% - 15:59
3 - 25% - 22% - 11:47
4 - 9% - 13% - 4:07
PP Forward
1 - 52% - 60% - 4:59
2 - 48% - 40% - 4:34
PP Defense
1 - 54% - 60% - 5:12
2 - 46% - 40% - 4:21
PK Forward
1 - 82% - 60% - 1:38
2 - 18% - 40% - 0:21
PK Defense
1 - 62% - 60% - 1:14
2 - 38% - 40% - 0:45
PK3 Forward
1 - 0% - 60%
2 - 0% - 40%
PK3 Defense
1 - 0% - 60%
2 - 0% - 40%
44 Forward
1 - 0% - 60%
2 - 0% - 40%
44 Defense
1 - 0% - 60%
2 - 0% - 40%
Last Minute Offensive  - 0:00
Last Minute Defensive  - 0:45
Total
Forward - 60:00
Defense - 60:00

% Time on Ice - BlueJackets

Lines # - Real PCT - Wanted PCT - Time Play
Normal Forward
1 - 25% - 35% - 11:56
2 - 32% - 30% - 15:20
3 - 29% - 22% - 13:54
4 - 13% - 13% - 6:23
Normal Defense
1 - 34% - 35% - 16:03
2 - 33% - 30% - 15:41
3 - 23% - 22% - 11:05
4 - 10% - 13% - 4:44
PP Forward
1 - 57% - 60% - 1:08
2 - 43% - 40% - 0:51
PP Defense
1 - 57% - 60% - 1:08
2 - 43% - 40% - 0:51
PK Forward
1 - 73% - 60% - 7:00
2 - 27% - 40% - 2:33
PK Defense
1 - 63% - 60% - 6:00
2 - 37% - 40% - 3:33
PK3 Forward
1 - 0% - 60%
2 - 0% - 40%
PK3 Defense
1 - 0% - 60%
2 - 0% - 40%
44 Forward
1 - 0% - 60%
2 - 0% - 40%
44 Defense
1 - 0% - 60%
2 - 0% - 40%
Last Minute Offensive  - 0:55
Last Minute Defensive  - 0:00
Total
Forward - 60:00
Defense - 60:00

Play by Play

1st period


0:01 of 1st period - Derick Brassard wins face-off versus Henrik Sedin in neutral zone.
0:08 of 1st period - Wrist shot by Brent Burns.
0:08 of 1st period - Stopped by Chad Johnson without a rebound.
0:09 of 1st period - Derick Brassard wins face-off versus Henrik Sedin in Sharks zone.
0:16 of 1st period - Wrist shot by Justin Williams.
0:16 of 1st period - Stopped by Chad Johnson without a rebound.
0:17 of 1st period - Henrik Sedin wins face-off versus Derick Brassard in Sharks zone.
0:52 of 1st period - Off-side.
0:53 of 1st period - Michael Raffl wins face-off versus Olli Jokinen in neutral zone.
1:46 of 1st period - Jay Harrison is hit by Ron Hainsey and loses puck.
1:53 of 1st period - Wrist shot by David Desharnais.
1:53 of 1st period - Shot Misses the Net.
2:05 of 1st period - Slapshot by Gabriel Bourque.
2:05 of 1st period - Stopped by Chad Johnson without a rebound.
2:06 of 1st period - Blake Comeau wins face-off versus Brent Burns in Sharks zone.
2:15 of 1st period - Wrist shot by Henrik Sedin.
2:15 of 1st period - Shot Misses the Net.
2:21 of 1st period - Slapshot by Brent Burns.
2:21 of 1st period - Stopped by Chad Johnson with a rebound.
3:22 of 1st period - Erik Cole is hit by Adam Hall and loses puck.
4:22 of 1st period - Minor Penalty to Justin Williams for Tripping.
4:23 of 1st period - Henrik Sedin wins face-off versus Brent Burns in BlueJackets zone.
4:32 of 1st period - Andrew Ference is hit by Nicklas Grossmann and loses puck.
5:43 of 1st period - Slapshot by Henrik Sedin.
5:43 of 1st period - Stopped by Joni Ortio with a rebound.
6:22 of 1st period - Penalty to Justin Williams is over, Justin Williams is back on ice.
6:39 of 1st period - Wrist shot by Antoine Roussel.
6:39 of 1st period - Stopped by Chad Johnson with a rebound.
6:41 of 1st period - Backhand shot by Ron Hainsey.
6:41 of 1st period - Shot Misses the Net.
6:59 of 1st period - Snap shot by Antoine Roussel.
6:59 of 1st period - Stopped by Chad Johnson with a rebound.
7:11 of 1st period - Minor Penalty to Dion Phaneuf for Interference.
7:12 of 1st period - Adam Hall wins face-off versus Derick Brassard in Sharks zone.
7:56 of 1st period - Off-side.
7:57 of 1st period - Adam Hall wins face-off versus Brent Burns in neutral zone.
8:00 of 1st period - Slapshot by Deryk Engelland.
8:00 of 1st period - Shot Blocked by Andrew Ference.
8:14 of 1st period - Wrist shot by Derick Brassard.
8:14 of 1st period - Shot Misses the Net.
8:16 of 1st period - Snap shot by Andrew Ference.
8:16 of 1st period - Shot Blocked by Erik Gustafsson.
9:11 of 1st period - Penalty to Dion Phaneuf is over, Dion Phaneuf is back on ice.
9:48 of 1st period - Nathan Gerbe is hit by Antoine Roussel and loses puck.
10:33 of 1st period - Michael Raffl is hit by Blake Comeau and loses puck.
11:36 of 1st period - Off-side.
11:37 of 1st period - Michael Raffl wins face-off versus Andrew Ebbett in neutral zone.
12:14 of 1st period - Wrist shot by Derick Brassard.
12:14 of 1st period - Shot Misses the Net.
13:13 of 1st period - Off-side.
13:14 of 1st period - Olli Jokinen wins face-off versus Vernon Fiddler in neutral zone.
13:19 of 1st period - Wrist shot by Dion Phaneuf.
13:19 of 1st period - Shot Misses the Net.
13:31 of 1st period - Wrist shot by Olli Jokinen.
13:31 of 1st period - Shot Misses the Net.
13:33 of 1st period - Wrist shot by Olli Jokinen.
13:33 of 1st period - Shot Blocked by Vernon Fiddler.
13:39 of 1st period - Minor Penalty to Ryan Garbutt for Holding.
13:40 of 1st period - Henrik Sedin wins face-off versus Vernon Fiddler in BlueJackets zone.
13:45 of 1st period - Slapshot by Rich Peverley.
13:45 of 1st period - Shot Misses the Net.
13:57 of 1st period - Wrist shot by Rich Peverley.
13:57 of 1st period - Shot Blocked by Ron Hainsey.
14:34 of 1st period - Slapshot by Olli Jokinen.
14:34 of 1st period - Stopped by Joni Ortio with a rebound.
14:54 of 1st period - Wrist shot by Rich Peverley.
14:54 of 1st period - Stopped by Joni Ortio with a rebound.
14:56 of 1st period - Slapshot by Mike Green.
14:56 of 1st period - Deflect By Henrik Sedin.
14:56 of 1st period - Goal by Henrik Sedin - Sharks : 1 - BlueJackets : 0.
14:57 of 1st period - David Desharnais wins face-off versus Adam Hall in neutral zone.
15:14 of 1st period - Slapshot by Antoine Roussel.
15:14 of 1st period - Goal by Antoine Roussel - Sharks : 1 - BlueJackets : 1.
15:15 of 1st period - Adam Hall wins face-off versus Justin Williams in neutral zone.
15:18 of 1st period - Slapshot by Dion Phaneuf.
15:18 of 1st period - Stopped by Joni Ortio with a rebound.
16:42 of 1st period - Icing by Matt Hendricks.
16:43 of 1st period - Olli Jokinen wins face-off versus Michael Raffl in Sharks zone.
17:52 of 1st period - Slapshot by Brent Burns.
17:52 of 1st period - Shot Misses the Net.
18:04 of 1st period - Mark Fistric is hit by Gabriel Bourque and loses puck.
18:35 of 1st period - Tobias Enstrom is hit by Henrik Sedin and loses puck.
18:44 of 1st period - Henrik Sedin is hit by Andrew Ference.
18:45 of 1st period - Icing by Henrik Sedin.
18:46 of 1st period - Henrik Sedin wins face-off versus Ryan Garbutt in Sharks zone.
19:51 of 1st period - Minor Penalty to Brendan Smith for Holding.
19:52 of 1st period - Brent Burns wins face-off versus Olli Jokinen in BlueJackets zone.
Goals for this period are 1 for Sharks vs 1 for BlueJackets.
Shots for this period are 5 for Sharks vs 7 for BlueJackets.

2nd period


0:01 of 2nd period - Henrik Sedin wins face-off versus Brent Burns in neutral zone.
0:39 of 2nd period - Icing by Nicklas Grossmann.
0:40 of 2nd period - Brent Burns wins face-off versus Henrik Sedin in Sharks zone.
1:12 of 2nd period - Andrej Meszaros is hit by Matt Hendricks and loses puck.
1:51 of 2nd period - Penalty to Brendan Smith is over, Brendan Smith is back on ice.
1:51 of 2nd period - Snap shot by Rich Peverley.
1:51 of 2nd period - Shot Misses the Net.
2:23 of 2nd period - Wrist shot by Nathan Gerbe.
2:23 of 2nd period - Shot Blocked by Andrej Meszaros.
2:25 of 2nd period - Slapshot by Mark Fistric.
2:25 of 2nd period - Stopped by Joni Ortio without a rebound.
2:26 of 2nd period - Blake Comeau wins face-off versus David Desharnais in BlueJackets zone.
2:32 of 2nd period - Off-side.
2:33 of 2nd period - David Desharnais wins face-off versus Blake Comeau in neutral zone.
2:36 of 2nd period - Slapshot by Tobias Enstrom.
2:36 of 2nd period - Stopped by Chad Johnson with a rebound.
2:40 of 2nd period - Slapshot by David Desharnais.
2:40 of 2nd period - Shot Misses the Net.
2:42 of 2nd period - Slapshot by Tobias Enstrom.
2:42 of 2nd period - Shot Blocked by Brendan Mikkelson.
2:44 of 2nd period - Slapshot by Tobias Enstrom.
2:44 of 2nd period - Stopped by Chad Johnson without a rebound.
2:45 of 2nd period - Blake Comeau wins face-off versus Antoine Roussel in Sharks zone.
2:52 of 2nd period - Slapshot by David Desharnais.
2:52 of 2nd period - Shot Misses the Net.
2:54 of 2nd period - Snap shot by Gabriel Bourque.
2:54 of 2nd period - Shot Misses the Net.
3:05 of 2nd period - Minor Penalty to Andrew Ference for Holding.
3:06 of 2nd period - Olli Jokinen wins face-off versus Brent Burns in BlueJackets zone.
3:26 of 2nd period - Wrist shot by Dion Phaneuf.
3:26 of 2nd period - Stopped by Joni Ortio with a rebound.
3:28 of 2nd period - Slapshot by Nicklas Grossmann.
3:28 of 2nd period - Shot Blocked by Kevin Klein.
4:00 of 2nd period - Andrej Meszaros is hit by Nicklas Grossmann and loses puck.
5:04 of 2nd period - Tobias Enstrom is hit by Rich Peverley and loses puck.
5:05 of 2nd period - Penalty to Andrew Ference is over, Andrew Ference is back on ice.
5:17 of 2nd period - Wrist shot by Justin Williams.
5:17 of 2nd period - Shot Blocked by Mark Fistric.
5:19 of 2nd period - Snap shot by Tobias Enstrom.
5:19 of 2nd period - Stopped by Chad Johnson with a rebound.
5:58 of 2nd period - Andrew Ebbett is hit by Ron Hainsey and loses puck.
6:48 of 2nd period - Slapshot by Brent Burns.
6:48 of 2nd period - Shot Misses the Net.
6:54 of 2nd period - Snap shot by Ryan Garbutt.
6:54 of 2nd period - Stopped by Chad Johnson with a rebound.
7:10 of 2nd period - Brian Gionta is hit by Gabriel Bourque and loses puck.
7:15 of 2nd period - Slapshot by David Desharnais.
7:15 of 2nd period - Deflect By Gabriel Bourque.
7:15 of 2nd period - Stopped by Chad Johnson without a rebound.
7:16 of 2nd period - David Desharnais wins face-off versus Adam Hall in Sharks zone.
7:30 of 2nd period - Snap shot by Nathan Gerbe.
7:30 of 2nd period - Shot Misses the Net.
7:46 of 2nd period - Snap shot by Matt Read.
7:46 of 2nd period - Stopped by Joni Ortio without a rebound.
7:47 of 2nd period - Henrik Sedin wins face-off versus Michael Raffl in BlueJackets zone.
8:00 of 2nd period - Slapshot by David Savard.
8:00 of 2nd period - Stopped by Chad Johnson without a rebound.
8:01 of 2nd period - Adam Hall wins face-off versus Michael Raffl in Sharks zone.
8:15 of 2nd period - Minor Penalty to Michael Raffl for Holding.
8:16 of 2nd period - Olli Jokinen wins face-off versus Brent Burns in BlueJackets zone.
8:29 of 2nd period - Snap shot by Olli Jokinen.
8:29 of 2nd period - Goal by Olli Jokinen - Sharks : 2 - BlueJackets : 1.
8:30 of 2nd period - Olli Jokinen wins face-off versus David Desharnais in neutral zone.
8:44 of 2nd period - Nicklas Grossmann is hit by Antoine Roussel and loses puck.
9:21 of 2nd period - Snap shot by Henrik Sedin.
9:21 of 2nd period - Stopped by Joni Ortio with a rebound.
9:29 of 2nd period - Tobias Enstrom is hit by Henrik Sedin and loses puck.
9:40 of 2nd period - Matt Read is hit by Justin Williams and loses puck.
10:09 of 2nd period - Brian Gionta is hit by Andrej Meszaros and loses puck.
10:25 of 2nd period - Minor Penalty to Michael Raffl for Slashing.
10:26 of 2nd period - Olli Jokinen wins face-off versus Brent Burns in BlueJackets zone.
10:29 of 2nd period - Snap shot by Olli Jokinen.
10:29 of 2nd period - Shot Misses the Net.
10:31 of 2nd period - Wrist shot by Matt Hendricks.
10:31 of 2nd period - Deflect By Olli Jokinen.
10:31 of 2nd period - Goal by Olli Jokinen - Sharks : 3 - BlueJackets : 1.
10:32 of 2nd period - Derick Brassard wins face-off versus Henrik Sedin in neutral zone.
11:30 of 2nd period - Wrist shot by Teddy Purcell.
11:30 of 2nd period - Stopped by Chad Johnson without a rebound.
11:31 of 2nd period - Olli Jokinen wins face-off versus Michael Raffl in Sharks zone.
11:42 of 2nd period - Off-side.
11:43 of 2nd period - Olli Jokinen wins face-off versus David Desharnais in neutral zone.
11:46 of 2nd period - Slapshot by Mike Green.
11:46 of 2nd period - Deflect By David Desharnais.
11:46 of 2nd period - Stopped by Joni Ortio with a rebound.
11:48 of 2nd period - Snap shot by Olli Jokinen.
11:48 of 2nd period - Stopped by Joni Ortio with a rebound.
11:50 of 2nd period - Snap shot by Jay Harrison.
11:50 of 2nd period - Shot Blocked by Antoine Roussel.
11:52 of 2nd period - Wrist shot by Deryk Engelland.
11:52 of 2nd period - Shot Misses the Net.
11:54 of 2nd period - Snap shot by Deryk Engelland.
11:54 of 2nd period - Shot Misses the Net.
12:16 of 2nd period - Slapshot by Andrej Meszaros.
12:16 of 2nd period - Shot Blocked by Jay Harrison.
12:58 of 2nd period - Dion Phaneuf is hit by Brent Burns and loses puck.
13:32 of 2nd period - Erik Gustafsson is hit by Ron Hainsey and loses puck.
13:41 of 2nd period - Mark Fistric is hit by Michael Raffl and loses puck.
13:46 of 2nd period - Wrist shot by Teddy Purcell.
13:46 of 2nd period - Stopped by Chad Johnson with a rebound.
13:48 of 2nd period - Slapshot by David Savard.
13:48 of 2nd period - Deflect By Teddy Purcell.
13:48 of 2nd period - Stopped by Chad Johnson with a rebound.
15:52 of 2nd period - Henrik Sedin is hit by Ryan Garbutt and loses puck.
17:30 of 2nd period - Wrist shot by Derick Brassard.
17:30 of 2nd period - Deflect By Justin Williams.
17:30 of 2nd period - Shot Misses the Net.
17:30 of 2nd period - Puck is out of play.
17:31 of 2nd period - Derick Brassard wins face-off versus Henrik Sedin in Sharks zone.
17:44 of 2nd period - Jay Harrison is hit by Andrew Ference and loses puck.
18:03 of 2nd period - Snap shot by Teddy Purcell.
18:03 of 2nd period - Stopped by Chad Johnson with a rebound.
18:05 of 2nd period - Slapshot by Michael Raffl.
18:05 of 2nd period - Stopped by Chad Johnson without a rebound.
18:06 of 2nd period - Adam Hall wins face-off versus Michael Raffl in Sharks zone.
18:06 of 2nd period - Adam Hall is hit by Erik Cole.
18:34 of 2nd period - Snap shot by Dion Phaneuf.
18:34 of 2nd period - Stopped by Joni Ortio without a rebound.
18:35 of 2nd period - David Desharnais wins face-off versus Olli Jokinen in BlueJackets zone.
18:39 of 2nd period - Off-side.
18:40 of 2nd period - Olli Jokinen wins face-off versus Gabriel Bourque in neutral zone.
18:47 of 2nd period - Slapshot by Jay Harrison.
18:47 of 2nd period - Stopped by Joni Ortio without a rebound.
18:48 of 2nd period - Olli Jokinen wins face-off versus Derick Brassard in BlueJackets zone.
18:49 of 2nd period - Slapshot by Mike Green.
18:49 of 2nd period - Stopped by Joni Ortio with a rebound.
18:51 of 2nd period - Snap shot by Deryk Engelland.
18:51 of 2nd period - Stopped by Joni Ortio with a rebound.
18:53 of 2nd period - Backhand shot by Matt Hendricks.
18:53 of 2nd period - Shot Misses the Net.
19:12 of 2nd period - Icing by Mike Green.
19:13 of 2nd period - Erik Cole wins face-off versus Olli Jokinen in Sharks zone.
19:14 of 2nd period - Wrist shot by Tobias Enstrom.
19:14 of 2nd period - Stopped by Chad Johnson with a rebound.
19:24 of 2nd period - Slapshot by Erik Cole.
19:24 of 2nd period - Shot Blocked by Mike Green.
Goals for this period are 2 for Sharks vs 0 for BlueJackets.
Shots for this period are 12 for Sharks vs 12 for BlueJackets.

3rd period


0:01 of 3rd period - Henrik Sedin wins face-off versus Justin Williams in neutral zone.
0:52 of 3rd period - Wrist shot by Olli Jokinen.
0:52 of 3rd period - Shot Blocked by Tobias Enstrom.
0:54 of 3rd period - Snap shot by Deryk Engelland.
0:54 of 3rd period - Stopped by Joni Ortio without a rebound.
0:55 of 3rd period - Olli Jokinen wins face-off versus Michael Raffl in BlueJackets zone.
1:08 of 3rd period - Snap shot by Erik Cole.
1:08 of 3rd period - Stopped by Chad Johnson with a rebound.
1:10 of 3rd period - Slapshot by Ron Hainsey.
1:10 of 3rd period - Deflect By Jay Harrison.
1:10 of 3rd period - Stopped by Chad Johnson with a rebound.
1:28 of 3rd period - Wrist shot by Erik Cole.
1:28 of 3rd period - Shot Blocked by Jay Harrison.
1:59 of 3rd period - Snap shot by David Desharnais.
1:59 of 3rd period - Stopped by Chad Johnson with a rebound.
2:01 of 3rd period - Snap shot by Antoine Roussel.
2:01 of 3rd period - Shot Misses the Net.
2:03 of 3rd period - Backhand shot by Kevin Klein.
2:03 of 3rd period - Stopped by Chad Johnson with a rebound.
2:05 of 3rd period - Snap shot by Antoine Roussel.
2:05 of 3rd period - Shot Blocked by Mike Green.
2:07 of 3rd period - Slapshot by Kevin Klein.
2:07 of 3rd period - Shot Blocked by Mike Green.
2:13 of 3rd period - Snap shot by Gabriel Bourque.
2:13 of 3rd period - Stopped by Chad Johnson without a rebound.
2:14 of 3rd period - Vernon Fiddler wins face-off versus Henrik Sedin in Sharks zone.
2:21 of 3rd period - Wrist shot by Tobias Enstrom.
2:21 of 3rd period - Shot Blocked by Rich Peverley.
2:23 of 3rd period - Backhand shot by Tobias Enstrom.
2:23 of 3rd period - Shot Blocked by Dion Phaneuf.
2:25 of 3rd period - Wrist shot by Brent Burns.
2:25 of 3rd period - Shot Blocked by Nicklas Grossmann.
2:27 of 3rd period - Wrist shot by Ryan Garbutt.
2:27 of 3rd period - Stopped by Chad Johnson with a rebound.
2:29 of 3rd period - Snap shot by Brent Burns.
2:29 of 3rd period - Shot Blocked by Nicklas Grossmann.
2:31 of 3rd period - Snap shot by Vernon Fiddler.
2:31 of 3rd period - Stopped by Chad Johnson without a rebound.
2:32 of 3rd period - Henrik Sedin wins face-off versus Vernon Fiddler in Sharks zone.
2:39 of 3rd period - Wrist shot by Henrik Sedin.
2:39 of 3rd period - Shot Misses the Net.
2:51 of 3rd period - Slapshot by Tobias Enstrom.
2:51 of 3rd period - Shot Misses the Net.
2:53 of 3rd period - Slapshot by Andrew Ference.
2:53 of 3rd period - Stopped by Chad Johnson with a rebound.
2:55 of 3rd period - Wrist shot by Vernon Fiddler.
2:55 of 3rd period - Stopped by Chad Johnson with a rebound.
2:55 of 3rd period - Chad Johnson from Sharks is injured at 2:55 of 3rd period (Bruised Right Shoulder).
2:55 of 3rd period - Viktor Fasth enters game.
2:56 of 3rd period - Derick Brassard wins face-off versus Henrik Sedin in Sharks zone.
3:03 of 3rd period - Snap shot by Brent Burns.
3:03 of 3rd period - Deflect By Matt Read.
3:03 of 3rd period - Shot Misses the Net.
3:03 of 3rd period - Puck is out of play.
3:04 of 3rd period - Henrik Sedin wins face-off versus Derick Brassard in Sharks zone.
3:11 of 3rd period - Wrist shot by Rich Peverley.
3:11 of 3rd period - Stopped by Joni Ortio with a rebound.
3:26 of 3rd period - Snap shot by Brent Burns.
3:26 of 3rd period - Deflect By Nicklas Grossmann.
3:26 of 3rd period - Shot Misses the Net.
3:26 of 3rd period - Puck is out of play.
3:27 of 3rd period - Michael Raffl wins face-off versus Olli Jokinen in Sharks zone.
3:56 of 3rd period - Slapshot by Tobias Enstrom.
3:56 of 3rd period - Shot Blocked by Matt Hendricks.
3:56 of 3rd period - Matt Hendricks from Sharks is injured at 3:56 of 3rd period (Sore Left Knee).
3:57 of 3rd period - Henrik Sedin wins face-off versus Derick Brassard in Sharks zone.
4:26 of 3rd period - Wrist shot by Brent Burns.
4:26 of 3rd period - Shot Misses the Net.
4:28 of 3rd period - Wrist shot by Justin Williams.
4:28 of 3rd period - Stopped by Viktor Fasth with a rebound.
4:30 of 3rd period - Wrist shot by Brent Burns.
4:30 of 3rd period - Shot Blocked by Nicklas Grossmann.
4:54 of 3rd period - Erik Cole is hit by Brian Gionta and loses puck.
5:03 of 3rd period - Wrist shot by Olli Jokinen.
5:03 of 3rd period - Shot Misses the Net.
5:05 of 3rd period - Snap shot by Mike Green.
5:05 of 3rd period - Shot Misses the Net.
5:07 of 3rd period - Slapshot by Mike Green.
5:07 of 3rd period - Stopped by Joni Ortio with a rebound.
5:09 of 3rd period - Slapshot by Olli Jokinen.
5:09 of 3rd period - Shot Misses the Net.
5:47 of 3rd period - Tobias Enstrom is hit by Andrew Ebbett and loses puck.
6:22 of 3rd period - Adam Hall is hit by Tobias Enstrom and loses puck.
6:31 of 3rd period - Wrist shot by Brent Burns.
6:31 of 3rd period - Stopped by Viktor Fasth without a rebound.
6:32 of 3rd period - Derick Brassard wins face-off versus Adam Hall in Sharks zone.
6:48 of 3rd period - Slapshot by Nathan Gerbe.
6:48 of 3rd period - Stopped by Joni Ortio with a rebound.
6:50 of 3rd period - Slapshot by Nicklas Grossmann.
6:50 of 3rd period - Shot Misses the Net.
6:52 of 3rd period - Wrist shot by Dion Phaneuf.
6:52 of 3rd period - Shot Blocked by Kevin Klein.
6:54 of 3rd period - Slapshot by Nicklas Grossmann.
6:54 of 3rd period - Stopped by Joni Ortio with a rebound.
7:04 of 3rd period - Kevin Klein is hit by Nicklas Grossmann and loses puck.
7:13 of 3rd period - Slapshot by Nathan Gerbe.
7:13 of 3rd period - Stopped by Joni Ortio without a rebound.
7:14 of 3rd period - Olli Jokinen wins face-off versus Teddy Purcell in BlueJackets zone.
7:21 of 3rd period - Wrist shot by Olli Jokinen.
7:21 of 3rd period - Stopped by Joni Ortio with a rebound.
7:59 of 3rd period - Antoine Roussel is hit by Mike Green and loses puck.
8:10 of 3rd period - Matt Read is hit by Andrew Ference and loses puck.
8:19 of 3rd period - Wrist shot by David Desharnais.
8:19 of 3rd period - Stopped by Viktor Fasth with a rebound.
8:21 of 3rd period - Slapshot by Ron Hainsey.
8:21 of 3rd period - Deflect By Antoine Roussel.
8:21 of 3rd period - Shot Blocked by Matt Read.
8:21 of 3rd period - Puck is out of play.
8:22 of 3rd period - Olli Jokinen wins face-off versus Derick Brassard in Sharks zone.
8:37 of 3rd period - Wrist shot by Olli Jokinen.
8:37 of 3rd period - Stopped by Joni Ortio without a rebound.
8:38 of 3rd period - Derick Brassard wins face-off versus Brian Gionta in BlueJackets zone.
9:17 of 3rd period - David Desharnais is hit by Henrik Sedin and loses puck.
9:33 of 3rd period - Dion Phaneuf is hit by Antoine Roussel and loses puck.
10:12 of 3rd period - Adam Hall is hit by Erik Cole and loses puck.
11:38 of 3rd period - Gabriel Bourque is hit by Deryk Engelland and loses puck.
12:23 of 3rd period - Dion Phaneuf is hit by Michael Raffl and loses puck.
12:44 of 3rd period - Brendan Mikkelson is hit by Ryan Garbutt and loses puck.
12:51 of 3rd period - Ron Hainsey is hit by Andrew Ebbett and loses puck.
13:14 of 3rd period - Snap shot by Teddy Purcell.
13:14 of 3rd period - Stopped by Viktor Fasth without a rebound.
13:15 of 3rd period - Olli Jokinen wins face-off versus Erik Cole in Sharks zone.
13:54 of 3rd period - Slapshot by Andrej Meszaros.
13:54 of 3rd period - Deflect By Antoine Roussel.
13:54 of 3rd period - Stopped by Viktor Fasth with a rebound.
14:08 of 3rd period - Minor Penalty to Justin Williams for Holding.
14:09 of 3rd period - Olli Jokinen wins face-off versus Brent Burns in BlueJackets zone.
15:11 of 3rd period - Teddy Purcell is hit by Deryk Engelland and loses puck.
16:08 of 3rd period - Penalty to Justin Williams is over, Justin Williams is back on ice.
16:08 of 3rd period - Andrew Ference is hit by Olli Jokinen and loses puck.
16:20 of 3rd period - Off-side.
16:21 of 3rd period - David Desharnais wins face-off versus Blake Comeau in neutral zone.
17:04 of 3rd period - Wrist shot by Brent Burns.
17:04 of 3rd period - Goal by Brent Burns - Sharks : 3 - BlueJackets : 2.
17:05 of 3rd period - Henrik Sedin wins face-off versus Michael Raffl in neutral zone.
17:08 of 3rd period - Slapshot by Mike Green.
17:08 of 3rd period - Shot Misses the Net.
17:22 of 3rd period - Snap shot by Matt Read.
17:22 of 3rd period - Shot Misses the Net.
18:28 of 3rd period - Wrist shot by David Desharnais.
18:28 of 3rd period - Shot Misses the Net.
18:30 of 3rd period - Wrist shot by David Desharnais.
18:30 of 3rd period - Deflect By Nicklas Grossmann.
18:30 of 3rd period - Shot Misses the Net.
18:30 of 3rd period - Puck is out of play.
18:31 of 3rd period - Michael Raffl wins face-off versus Olli Jokinen in Sharks zone.
18:32 of 3rd period - Slapshot by Tobias Enstrom.
18:32 of 3rd period - Stopped by Viktor Fasth with a rebound.
18:34 of 3rd period - Slapshot by Tobias Enstrom.
18:34 of 3rd period - Shot Misses the Net.
18:42 of 3rd period - Snap shot by Teddy Purcell.
18:42 of 3rd period - Deflect By Erik Cole.
18:42 of 3rd period - Stopped by Viktor Fasth without a rebound.
18:43 of 3rd period - Rich Peverley wins face-off versus Erik Cole in Sharks zone.
18:43 of 3rd period - Rich Peverley is hit by Erik Cole.
19:23 of 3rd period - BlueJackets, Joni Ortio is pulled from the net.
19:31 of 3rd period - Snap shot by Derick Brassard.
19:31 of 3rd period - Stopped by Viktor Fasth with a rebound.
Goals for this period are 0 for Sharks vs 1 for BlueJackets.
Shots for this period are 8 for Sharks vs 18 for BlueJackets.


Output by the SimonT Hockey Simulator (STHS) for Eric Dolegowski -- Original Page W3C XHTML 1.0 Valid
Hockey Simulator - Hockey Simulation - Hockey Manager